 Dungeon Crawl Stone Soup version 0.26.0-18-gc5c842f807 (webtiles) character file.

Game seed: 1752104793295589775

151 Marvel the Sneak (level 5, -1/25 HPs)
             Began as a Spriggan Enchanter on Jan 22, 2021.
             Slain by an ogre
             ... wielding a +0 giant spiked club
              (26 damage)
             ... on level 4 of the Dungeon.
             The game lasted 00:12:03 (3361 turns).

Marvel the Sneak (Spriggan Enchanter)               Turns: 3361, Time: 00:12:03

Health: -1/25      AC:  3    Str:  4    XL:     5   Next: 11%
Magic:  9/11       EV: 18    Int: 18    God:
Gold:   201        SH:  0    Dex: 16    Spells: 8/11 levels left

rFire    . . .     SeeInvis +   a - +1 dagger
rCold    . . .     Faith    .   (shield restricted)
rNeg     . . .     Spirit   .   b - +1 robe
rPois    .         Reflect  .   (helmet restricted)
rElec    .         Harm     .   (no cloak)
rCorr    .         Rampage  .   (gloves unavailable)
Will     .....     Rnd*Tele +   (boots unavailable)
Stlth    +++.......             o - amulet of magic regeneration
HPRegen  0.08/turn              i - ring of teleportation (curse)
MPRegen  0.37/turn              (no ring)

@: very quick
A: very small, unfitting armour, see invisible, speed 3
a: no special abilities


You were on level 4 of the Dungeon.
You visited 1 branch of the dungeon, and saw 4 of its levels.

You collected 201 gold pieces.

Inventory:

Hand Weapons
 a - a +1 dagger (weapon)
 n - a +0 spectral quarterstaff
Missiles
 q - 6 poisoned darts
 s - 4 boomerangs
Armour
 b - a +1 robe (worn)
Jewellery
 g - an uncursed ring of fire
 h - an uncursed ring of see invisible {unknown}
 i - a cursed ring of teleportation (left hand)
 o - an amulet of magic regeneration (around neck)
Scrolls
 e - 3 scrolls of teleportation {unknown}
 j - 4 scrolls of remove curse {unknown}
 r - a scroll of fear
Potions
 c - 3 potions of curing {unknown}
 d - 3 potions of mutation
 f - a potion of berserk rage {unknown}
 k - a potion of attraction {unknown}
 l - 2 potions of lignification {unknown}
 m - a potion of brilliance {unknown}
 t - 2 potions of flight {unknown}


   Skills:
 + Level 0.9 Fighting
 + Level 1.7 Short Blades
 + Level 3.3 Dodging
 + Level 5.6 Stealth
 + Level 3.7 Spellcasting
 + Level 4.9 Hexes
 + Level 0.7 Ice Magic


You had 8 spell levels left.
You knew the following spells:

 Your Spells              Type           Power        Failure   Level
a - Corona                Hex            23%          1%          1
b - Ensorcelled Hibernat  Hex/Ice        26%          7%          2

Your spell library contained the following spells:

 Spells                   Type           Power        Failure   Level
 Confusing Touch          Hex            21%          6%          3
 Tukima's Dance           Hex            21%          6%          3
 Dazzling Flash           Conj/Hex       24%          16%         3


Dungeon Overview and Level Annotations

Branches:
Dungeon (4/15)
 Temple: D:4-7

Altars:
Uskayaw
Wu Jian
The Shining One


Innate Abilities, Weirdness & Mutations

You are very small and have problems with some larger weapons.
You are too small for most types of armour.
You have supernaturally acute eyesight. (SInv)
You cover ground extremely quickly.


Message History

An ogre and a dart slug come into view.
As you read the scroll labelled XALIGY JAMAU, it crumbles to dust.
You feel aware of your surroundings.
You sensed 2 altars.
It was a scroll of magic mapping.
Okay, then.
A worker ant comes into view.
Found a scroll labelled REGHYGAWNA.
The ogre shouts!
The worker ant misses you.
You see here a spear.
The worker ant waves its antennae.
You see here an iguana corpse.
Aiming: Ensorcelled Hibernation (safe; 7% risk of failure)
Press: ? - help, Q - select action, (/) - cycle Shift-Dir - straight line, f - ogre
Aim: an ogre, wielding a +0 giant spiked club (chance to affect: 44%)
The ogre looks drowsy...
The ogre shouts!
The ogre hits you with a +0 giant spiked club!!
Ouch! That really hurt!
You die...

****** #.........# ,,,,,*
#.........# ,,,,,*
#.........##### ,,,,,*
#.........#...# ***** ,,****
#.........#.#.#######,,,, ,,*
#...........#<.......,**, ,,*
#...........#.#######***, ,,*
########.#.##.#*****,,,,, ,,*
####@#.##.#,,,,,,,,*, ,,*
#..O.####.#,****,*,*, ,,*
#.####,,..#,,,,*,,,**
#############.####.####***,*****
.......O.B†........# *,*
?.........>......### *,*
#.##.####........# ***,*
#......##........# *,,,*
.....)###.....#..# ****,***


You could see an ogre.

Vanquished Creatures
  An iguana (D:4)
  Jessica (D:2)
  2 adders (D:2)
  2 oozes
  A dart slug (D:2)
  3 leopard geckos
  An orc (D:3)
  4 bats
  2 giant cockroaches (D:3)
  12 goblins
  9 hobgoblins
  2 jackals (D:2)
  2 quokkas
  A ball python (D:1)
  2 frilled lizards
  8 kobolds
  9 rats
62 creatures vanquished.

Notes
Turn   | Place    | Note
-------+----------+-------------------------------------------
     0 | D:1      | Marvel the Spriggan Enchanter began the quest for the Orb.
     0 | D:1      | Reached XP level 1. HP: 9/9 MP: 5/5
   681 | D:1      | Reached XP level 2. HP: 5/13 MP: 3/6
  1558 | D:1      | Learned a level 2 spell: Ensorcelled Hibernation
  1592 | D:2      | Found a hide-covered altar of Uskayaw.
  1592 | D:2      | Noticed a +0 hand axe
  1592 | D:2      | Noticed a +0 hand axe
  1859 | D:2      | Reached XP level 3. HP: 15/17 MP: 5/8
  2301 | D:2      | Noticed Jessica
  2305 | D:2      | Killed Jessica
  2306 | D:2      | Reached XP level 4. HP: 21/21 MP: 6/10
  2315 | D:2      | Reached skill level 5 in Stealth
  2556 | D:2      | Found an ornate altar of the Wu Jian Council.
  2631 | D:2      | Found a glowing golden altar of the Shining One.
  3323 | D:4      | Reached XP level 5. HP: 25/25 MP: 8/11
  3325 | D:4      | Noticed an ogre
  3361 | D:4      | Slain by an ogre

Illustrated notes

Levels and vault maps discovered:
D:1:      heliophobic_arrival_henge, layout_loops_cross, minmay_cupped
D:2:      layout_rooms, dancing_weapons_uskayaw, nzn_wu_jian_council_hall,
          nicolae_tso_swordbearing_angel, uniq_jessica
D:3:      layout_rooms, tgw_sif
D:4:      minmay_wonky_spiral, layout_basic, vehumet_crystals,
          kennysheep_mini_moat, minmay_between, uniq_pikel

Skill      XL: |  1  2  3  4 |
---------------+-------------+-----
Hexes          | 4 |  4.9
Spellcasting   | 3 |  3.7
Stealth        | 5 |  5.6
Fighting       | |  0.9
Short Blades   | |  1.7
Dodging        | |  3.3
Ice Magic      | |  0.7

Action                   |  1- 3 |  4- 6 || total
-------------------------+-------+-------++-------
Melee: Dagger            |   107 |    42 ||   149
 Cast: Corona            |    33 |       ||    33
       Ensorcelled Hiber |    17 |    29 ||    46
  Use: Scroll            |     4 |     1 ||     5
 Stab: Sleeping          |    12 |    26 ||    38
Armor: Robe              |    11 |     2 ||    13
Dodge: Dodged            |    89 |    21 ||   110
